AoeStats
← 只会打步弓

Arena

509902183Analyzed
4v4 RM · 4d ago on Sep 28, 2026· 44m 47s· 8 players
Game mode
Random Map
Map size
Large (8 player)
Population
200
Speed
Normal
Resources
Standard
Victory
Conquest
Starting age
Dark Age
Ending age
Imperial Age
RankedLock teamsTeams togetherTeam positionsShared explorationLock speedFull tech treeHidden civsTurbo modeCheats
Victory
Defeat
🇨🇳 Turks · China
1616
+14
🇨🇳 Huns · China
1603
+15
🇨🇳 Burmese · China
1586
+16
🇨🇳 Bohemians · China
1572
+16
🇲🇽 Mongols · Mexico
1608
-17
🇦🇷 Spanish · Argentina
1577
-15
🇵🇹 Hindustanis · Portugal
1576
-15
🇦🇺 Varangians · Australia
1544
-14
Jeremy V
10:26 Feudal Age
15:03 Castle Age
13:18 Double-Bit Axe
13:21 Horse Collar
16:03 Bow Saw
20:08 Wheelbarrow
22:55 Hand Cart
22:54 Stone Mining
23:53 Gold Mining
25:12 Stone Shaft Mining
29:07 Imperial Age
28:30 Forging
28:27 Scale Barding Armor
28:16 Loom
30:09 Iron Casting
30:10 Conscription
30:16 Chain Barding Armor
32:11 Blast Furnace
30:55 Elite Jarl
32:55 Plate Barding Armor
33:14 Fletching
36:01 Bodkin Arrow
[KOF] santander
9:16 Feudal Age
10:35 Loom
13:37 Castle Age
12:04 Double-Bit Axe
12:11 Horse Collar
20:44 Wheelbarrow
20:26 Bow Saw
21:39 Gold Mining
22:45 Stone Mining
24:24 Hand Cart
28:11 Imperial Age
25:41 Fletching
27:03 Gold Shaft Mining
26:48 Bloodlines
26:38 Husbandry
27:06 Bodkin Arrow
27:12 Padded Archer Armor
28:29 Thumb Ring
29:56 Chemistry
28:59 Bracer
29:59 Ballistics
34:03 Conscription
37:25 Leather Archer Armor
38:40 Stone Shaft Mining
40:01 Elite Mangudai
41:26 Parthian Tactics
冰人
10:15 Feudal Age
11:31 Horse Collar
14:01 Castle Age
12:11 Double-Bit Axe
15:10 Bow Saw
20:00 Wheelbarrow
21:39 Hand Cart
21:11 Town Watch
21:29 Gold Mining
27:58 Imperial Age
25:14 Loom
25:26 Stone Mining
26:12 Gold Shaft Mining
25:38 Heavy Plow
26:38 Scale Barding Armor
26:44 Forging
28:00 Bloodlines
27:56 Husbandry
28:01 Heavy Camel Rider
29:02 Chain Barding Armor
29:43 Iron Casting
29:29 Conscription
29:11 Shatagni
30:14 Chemistry
30:43 Plate Barding Armor
30:00 Imperial Camel Rider
32:18 Blast Furnace
35:19 Padded Archer Armor
[KOF] JoakoM
11:30 Feudal Age
12:30 Double-Bit Axe
15:09 Castle Age
13:25 Horse Collar
16:30 Bow Saw
17:36 Gold Mining
19:45 Scale Barding Armor
21:03 Bloodlines
21:26 Husbandry
22:34 Forging
22:52 Chain Barding Armor
LUCKY
10:54 Feudal Age
15:00 Castle Age
13:24 Double-Bit Axe
13:34 Horse Collar
15:57 Bow Saw
16:06 Heavy Plow
17:41 Wheelbarrow
23:59 Hand Cart
25:28 Gold Mining
26:44 Loom
30:32 Imperial Age
28:52 Marauders
29:57 Gold Shaft Mining
29:13 Stone Mining
30:08 Bloodlines
29:58 Husbandry
30:10 Scale Barding Armor
30:16 Forging
30:08 Town Watch
31:36 Chain Barding Armor
30:46 Elite Tarkan
31:47 Conscription
33:19 Plate Barding Armor
32:39 Light Cavalry
34:09 Iron Casting
35:34 Hussar
41:37 Blast Furnace
只会打步弓
9:55 Feudal Age
13:38 Castle Age
12:05 Horse Collar
13:31 Double-Bit Axe
18:48 Fervor
21:08 Wheelbarrow
20:19 Loom
24:12 Bow Saw
24:04 Heavy Plow
28:07 Imperial Age
28:19 Hand Cart
28:09 Scale Mail Armor
28:31 Squires
28:06 Pikeman
29:16 Chain Mail Armor
29:11 Forging
29:19 Forging
29:46 Conscription
28:56 Halberdier
30:06 Ballistics
30:50 Chemistry
30:46 Iron Casting
30:15 Town Watch
31:18 Plate Mail Armor
32:40 Blast Furnace
33:21 Wagenburg Tactics
33:24 Arson
34:14 Ballistics
34:05 Masonry
38:53 Two-Man Saw
37:44 Fletching
38:09 Siege Engineers
38:56 Town Patrol
39:15 Bodkin Arrow
39:52 Architecture
39:18 Murder Holes
40:37 Bracer
41:08 Padded Archer Armor
42:48 Leather Archer Armor
44:49 Ring Archer Armor
45:03 Coinage
LY006
12:08 Feudal Age
15:58 Castle Age
16:59 Loom
20:33 Imperial Age
18:44 Double-Bit Axe
19:55 Bow Saw
21:47 Town Watch
29:53 Wheelbarrow
30:12 Horse Collar
35:29 Bombard Tower
37:06 Ballistics
37:57 Fletching
40:00 Heavy Plow
40:25 Hand Cart
41:33 Town Patrol
42:08 Artillery
42:34 Conscription
43:31 Masonry
43:26 Bodkin Arrow
45:38 Coinage
45:09 Caravan
45:20 Guilds
小胖子
11:24 Feudal Age
15:20 Castle Age
13:28 Gold Mining
13:19 Horse Collar
17:08 Padded Archer Armor
19:46 Bloodlines
19:40 Husbandry
21:02 Ballistics
21:26 Ballistics
21:28 Loom
36:07 Wheelbarrow
45:48 Imperial Age
Connection lost

Rejoining the realm…

Still unreachable

The connection could not be restored.

Session expired

The server has moved on; the page needs a fresh start.